 Dungeon Crawl Stone Soup version 0.18-a0-241-g014938f (webtiles) character file.

483 Proton the Chopper (level 6, -1/55 HPs)
             Began as a Deep Dwarf Fighter on Nov 25, 2015.
             Slain by an orc
             ... wielding a +2 hand axe of electrocution
              (13 damage)
             ... on level 5 of the Dungeon.
             The game lasted 00:06:56 (2873 turns).

Proton the Chopper (Deep Dwarf Fighter)             Turns: 2873, Time: 00:06:56

Health: -1/55      AC: 12    Str: 21    XL:     6   Next: 88%
Magic:  6/6        EV: 11    Int:  9    God:
Gold:   206        SH:  0    Dex: 12    Spells: 0 memorised, 5 levels left

rFire  + . .     SeeInvis .     a - +0 war axe
rCold  . . .     Clarity  .     b - +0 scale mail
rNeg   . . .     SustAt   .     (no shield)
rPois  +         Gourm    .     s - +2 helmet
rElec  .         Spirit   .     y - +1 cloak {rPois}
rCorr  .         Warding  .     (no gloves)
rMut   .         Stasis   +     (no boots)
MR     .....                    n - amulet of stasis
Stlth  ..........               (no ring)
                                w - ring of protection from fire

@: non-regenerating, not resistant to hostile enchantments, extremely unstealthy
A: damage resistance, recharge devices, sense surroundings 1, slow regeneration
3
a: Device Recharging


You were on level 5 of the Dungeon.
You were not hungry.

You visited 1 branch of the dungeon, and saw 5 of its levels.

You collected 206 gold pieces.

Inventory:

Hand Weapons
 a - a +0 war axe (weapon)
Armour
 b - a +0 scale mail (worn)
 s - a +2 helmet (worn)
 y - a +1 cloak of poison resistance (worn)
Jewellery
 n - an amulet of stasis (around neck)
 w - a ring of protection from fire (left hand)
Wands
 e - a wand of heal wounds (3)
 q - a wand of slowing (8)
Scrolls
 c - a scroll of enchant weapon {unknown}
 k - 2 scrolls of immolation {unknown}
 l - 2 scrolls of blinking {unknown}
 m - 3 scrolls of remove curse
 o - 2 scrolls of teleportation {unknown}
 x - a scroll of fog {unknown}
 C - 2 scrolls of identify {unknown}
 D - a scroll of random uselessness {unknown}
 F - a scroll of noise {unknown}
Potions
 d - 2 potions of might
 g - 2 potions of flight {unknown}
 i - 2 potions of heal wounds
 j - a potion of resistance {unknown}
 p - 4 potions of curing {unknown}
 r - 2 potions of haste {unknown}
 t - a potion of beneficial mutation {unknown}
 u - a potion of brilliance {unknown}
 v - 2 potions of magic {unknown}
 z - a potion of mutation {unknown}
 E - a potion of degeneration {unknown}
Comestibles
 f - a bread ration
 h - 3 slices of pizza
 A - a meat ration
 B - a royal jelly


   Skills:
 - Level 2.6 Fighting
 * Level 6.3 Axes
 + Level 5.4 Armour
 + Level 2.7 Dodging
   Level 3.2 Shields


You had 5 spell levels left.
You didn't know any spells.

Dungeon Overview and Level Annotations

Branches:
Dungeon (5/15)
 Temple: D:4-7

Altars:
Nemelex Xobeh

Shops:
D:5 (%=(

Annotations:
D:4 Proton's ghost, amateur FoFi


Innate Abilities, Weirdness & Mutations

You are resistant to damage.
You can recharge devices by infusing magical energy.
You passively map a small area around you.
You do not regenerate naturally.


Message History

You kill the orc warrior!
Your Axes skill increases to level 6!
The orc wizard mumbles some strange words.
The orc wizard blinks!
You miss something. Something hits you but does no damage.
You slash something! Something hits you but does no damage.
You barely miss something. You closely miss something.
Something hits you but does no damage.
You barely miss something. Something hits you but does no damage.
You slash something!
Reactivating autopickup.
You feel a bit more experienced.
The orc hits you with a hand axe of electrocution.
* * * LOW HITPOINT WARNING * * *
You hit the orc.
The orc is heavily wounded.
You closely miss the orc.
The orc is heavily wounded.
The orc hits you but does no damage.
You are electrocuted!
You die...

##..#.........#.#.# #.#
#..#.####.#.##.#.# #.#
#..#.# #.#<##.#.# #.# *
#.>#.######.##.#.# #.# ,
..[#........##.#.# #.# **
#..###########.#.#######.#
* .....[^...........#
###########..######## * ,
.....oo@.....# ,
...########.## , * #.# * *
#.# , ,, #.# * #.# #.# *
.#* ** * , ,


You could see 2 orcs.

Vanquished Creatures
  An orc warrior (D:5)
  A centaur (D:5)
  An orc wizard (D:5)
  2 hounds (D:5)
  2 worker ants (D:4)
  A hound skeleton (D:5)
  Robin (D:3)
  7 adders
  An ooze (D:4)
  3 worms
  3 orcs
  8 bats
  11 hobgoblins
  A giant gecko (D:4)
  A giant gecko skeleton (D:4)
  7 giant newts
  10 goblins
  10 jackals
  13 kobolds
  2 quokkas
  6 rats
92 creatures vanquished.

Notes
Turn   | Place    | Note
--------------------------------------------------------------
     0 | D:1      | Proton the Deep Dwarf Fighter began the quest for the Orb.
     0 | D:1      | Reached XP level 1. HP: 20/20 MP: 1/1
   100 | D:1      | Reached XP level 2. HP: 27/27 MP: 2/2
   780 | D:2      | Reached XP level 3. HP: 22/33 MP: 3/3
   918 | D:2      | Found a sparkling altar of Nemelex Xobeh.
  1007 | D:2      | Reached skill level 4 in Armour
  1193 | D:2      | Reached XP level 4. HP: 16/40 MP: 4/4
  1446 | D:3      | Noticed Robin
  1453 | D:3      | Killed Robin
  2090 | D:3      | Reached XP level 5. HP: 25/46 MP: 5/5
  2363 | D:4      | Reached skill level 5 in Axes
  2424 | D:4      | Reached skill level 1 in Dodging
  2496 | D:4      | Noticed Proton's ghost (amateur FoFi)
  2552 | D:5      | Entered Level 5 of the Dungeon
  2595 | D:5      | Noticed a centaur
  2599 | D:5      | Found Sakyam's Weapon Boutique.
  2608 | D:5      | Killed a centaur
  2608 | D:5      | Reached XP level 6. HP: 20/55 MP: 6/6
  2655 | D:5      | Found Tucvif's Food Emporium.
  2674 | D:5      | Reached skill level 5 in Armour
  2691 | D:5      | Found Pogaudiu's Antique Weapon Emporium.
  2743 | D:5      | Found Lunuylos's Jewellery Shop.
  2865 | D:5      | Reached skill level 6 in Axes
  2873 | D:5      | Slain by an orc

Vault maps used:
D:1:      dpeg_arrival_windows_large_door
D:2:      nemelex_deck, first_bread
D:3:      minmay_fountain_box, uniq_robin
D:4:      marbit_many_paths, supply_closet_lemuel,
          hangedman_abyss_or_decor_stagger, tso_metal_star
D:5:      serial_shops, shop_fountains, kennysheep_little_box, shop,
          shop_statue, shop

Action                   |  1- 3 |  4- 6 || total
-------------------------+-------+-------++-------
Melee: War axe           |   135 |   187 ||   322
Evoke: Wand              |       |     2 ||     2
  Use: Scroll            |       |     1 ||     1
  Eat: Bread ration      |       |     1 ||     1
       Meat ration       |       |     1 ||     1
